 Dungeon Crawl Stone Soup version 0.19-a0-1820-gbf060b2 (webtiles) character file.

291 Deemzul the Poker (level 6, 0/57 HPs)
             Began as a Naga Monk on Oct 6, 2016.
             Slain by Natasha (2 damage)
             ... on level 4 of the Dungeon.
             The game lasted 00:03:33 (3311 turns).

Deemzul the Poker (Naga Monk)                       Turns: 3311, Time: 00:03:34

Health: 0/57       AC:  6    Str: 13    XL:     6   Next: 32%
Magic:  0/6        EV: 15    Int: 10    God:
Gold:   280        SH:  0    Dex: 21    Spells: 0 memorised, 5 levels left

rFire  . . .     SeeInvis +     b - +0 trident
rCold  . . .     Gourm    .     h - +0 ring mail
rNeg   + . .     Faith    .     (no shield)
rPois  +         Spirit   +     t - +2 hat
rElec  .         Dismiss  .     (no cloak)
rCorr  .         Reflect  .     (no gloves)
MR     .....     Harm     .     (no barding)
Stlth  +++.......               j - amulet of guardian spirit
                                (no ring)
                                l - ring of positive energy

@: agile, flying, slowed, very slow
A: see invisible, deformed body, poison resistance, slowness 2, slow metabolism
1, spit poison 1, AC +2
a: Spit Poison


You were on level 4 of the Dungeon.
You were not hungry.

You visited 1 branch of the dungeon, and saw 4 of its levels.

You collected 280 gold pieces.

Inventory:

Hand Weapons
 a - a +0 spear
 b - a +0 trident (weapon)
Armour
 h - a +0 ring mail (worn)
 t - a +2 hat (worn)
Jewellery
 j - an amulet of guardian spirit (around neck)
 l - a ring of positive energy (left hand)
Scrolls
 d - a scroll of amnesia {unknown}
 f - 2 scrolls of teleportation {unknown}
 g - 2 scrolls of noise {unknown}
 i - 3 scrolls of remove curse {unknown}
 n - a scroll of recharging {unknown}
 p - 3 scrolls of identify {unknown}
Potions
 e - a potion of agility
 m - a potion of flight
 o - a potion of curing {unknown}
 q - a potion of magic {unknown}
Comestibles
 c - 3 bread rations
 k - 3 fruits
 r - a slice of pizza
 s - a beef jerky


   Skills:
 + Level 3.7 Fighting
 * Level 4.9 Polearms
 + Level 2.1 Armour
 + Level 3.4 Dodging
 - Level 3.0 Stealth


You had 5 spell levels left.
You didn't know any spells.

Dungeon Overview and Level Annotations

Branches:
Dungeon (4/15)
 Temple: D:4-7

Altars:

Annotations:
D:4 Deemzul's ghost, amateur NaMo; Natasha


Innate Abilities, Weirdness & Mutations

You cannot wear boots.
Your serpentine skin is tough. (AC +2)
You have supernaturally acute eyesight. (SInv)
Armour fits poorly on your strangely shaped body.
Your system is resistant to poisons. (rPois)
You cover ground very slowly.
You have a slow metabolism.
You can spit poison.


Message History

Natasha claws you but does no damage. The hound closely misses you.
Unknown command.
It was a potion of agility.
You feel agile all of a sudden. The hound bites you.
* * * LOW HITPOINT WARNING * * *
Natasha misses you. The hound misses you.
You hit Natasha but do no damage.
Natasha is severely wounded.
The hound bites you.
* * * LOW HITPOINT WARNING * * *
Natasha barely misses you. The hound barely misses you.
Natasha barely misses you.
Unknown command.
It was a potion of flight.
You feel very buoyant.
You fly up into the air.
The hound bites you. x2
* * * LOW HITPOINT WARNING * * *
Natasha claws you.
You die...

...#....................#
..###..######....###.#..#
.## ##...........###....#
..###.....#.......##...##
...#..##......>...###..###
......#..................#
#.###.........§§.####..#.#
#.# ###..##..§.hh......#.#
#.# #.........@.####.#.#
#.#####.###..#.##.####.#.#
#........##..#.##......#.#
#####.###.#..#.###.....#.#
#.# #......# #.#####.#
#.###.#..#.###.#####.#
##...##..#........##.#
#.......#..##.##.##.#
#..........##.##.##.#


You could see a hound and Natasha.

Vanquished Creatures
  A hound (D:4)
  2 orc wizards (D:4)
  A worker ant (D:3)
  Natasha (twice) (D:4)
  6 adders
  An ooze (D:1)
  An adder skeleton (D:4)
  A worm (D:4)
  4 dart slugs
  5 leopard geckos
  2 orcs
  2 ball pythons
  6 bats
  A giant cockroach (D:1)
  7 goblins
  4 hobgoblins
  3 jackals (D:2)
  2 quokkas
  3 frilled lizards
  A jackal skeleton (D:4)
  7 kobolds
  A leopard gecko skeleton (D:4)
  4 rats
67 creatures vanquished.

Notes
Turn   | Place    | Note
-------+----------+-------------------------------------------
     0 | D:1      | Deemzul the Naga Monk began the quest for the Orb.
     0 | D:1      | Reached XP level 1. HP: 21/21 MP: 1/1
     2 | D:1      | Noticed a centaur
     2 | D:1      | Noticed an elf
     4 | D:1      | Noticed a demigod
     4 | D:1      | Noticed a formicid
     6 | D:1      | Noticed a draconian
     6 | D:1      | Noticed a troll
     8 | D:1      | Noticed an octopode
     8 | D:1      | Noticed a vampire
    11 | D:1      | Noticed a minotaur
    15 | D:1      | Noticed a merfolk
    15 | D:1      | Noticed a vine stalker
    17 | D:1      | Noticed an ogre
    17 | D:1      | Noticed a ghoul
    19 | D:1      | Noticed a halfling
    19 | D:1      | Noticed a naga
    21 | D:1      | Noticed a human
    23 | D:1      | Noticed a tengu
    23 | D:1      | Noticed a felid
    25 | D:1      | Noticed a spriggan
    25 | D:1      | Noticed a dwarf
    27 | D:1      | Noticed a demonspawn
    27 | D:1      | Noticed a gargoyle
   171 | D:1      | Reached XP level 2. HP: 27/28 MP: 2/2
   611 | D:1      | Reached skill level 1 in Armour
   931 | D:1      | Reached XP level 3. HP: 27/34 MP: 3/3
  1336 | D:2      | Reached XP level 4. HP: 35/42 MP: 4/4
  1975 | D:3      | Reached skill level 4 in Polearms
  2278 | D:3      | Reached XP level 5. HP: 23/49 MP: 3/5
  2933 | D:4      | Reached XP level 6. HP: 36/56 MP: 3/6
  3126 | D:4      | Noticed Natasha
  3132 | D:4      | Killed Natasha
  3190 | D:4      | Noticed Natasha
  3201 | D:4      | Killed Natasha
  3258 | D:4      | Noticed Deemzul's ghost (amateur NaMo)
  3291 | D:4      | Noticed Natasha
  3311 | D:4      | HP: 2/57 [hound (2)]
  3311 | D:4      | Slain by Natasha

Vault maps used:
D:1:      kb_arrival_jail
D:2:      wad_pebble_path
D:4:      roderic_lattice_a, uniq_natasha

Skill      XL: |  1  2  3  4  5 |
---------------+----------------+-----
Armour         | 1 2 |  2.1
Polearms       | 4 |  4.9
Dodging        | 3 |  3.4
Fighting       | |  3.7
Stealth        | |  3.0

Action                   |  1- 3 |  4- 6 || total
-------------------------+-------+-------++-------
Melee: Spear             |   164 |    49 ||   213
       Trident           |       |   146 ||   146
 Abil: Spit Poison       |     2 |     5 ||     7
  Use: Potion            |       |     2 ||     2
 Stab: Sleeping          |     8 |     2 ||    10
  Eat: Chunk             |     1 |     6 ||     7
Armor: Robe              |    24 |     5 ||    29
       Ring mail         |       |    55 ||    55
Dodge: Dodged            |    76 |    97 ||   173
